 Dungeon Crawl Stone Soup version 0.24.0-2-g5b39cebb1c (webtiles) character file.

Game seed: 2715514007794125226, levelgen mode: deterministic

8399 MTVSty1e the Spear-Bearer (level 11, -11/81 HPs)
             Began as a Formicid Fighter on Oct 30, 2019.
             Was a High Priest of Okawaru.
             Killed from afar by Fannar (16 damage)
             ... with a bolt of cold
             ... on level 10 of the Dungeon.
             The game lasted 00:14:25 (11684 turns).

MTVSty1e the Spear-Bearer (Formicid Fighter)       Turns: 11684, Time: 00:14:27

Health: -11/81     AC: 19    Str: 21 (24) XL:     11   Next: 55%
Magic:  14/15      EV:  8    Int: 10 (11) God:    Okawaru [*****.]
Gold:   378        SH: 11    Dex:  8 (11) Spells: 10/10 levels left

rFire    + + +     SeeInvis +   w - +5 spear
rCold    x . .     Gourm    .   c - +0 shield
rNeg     + . .     Faith    .   y - +0 plate armour
rPois    +         Spirit   .   (helmet unavailable)
rElec    .         Reflect  .   z - +2 ratskin cloak {+Rats rPois rN+ Str-1 Int-1 Dex+1}
rCorr    .         Harm     .   k - +2 pair of gloves
MR       +....                  (no boots)
Stlth    ..........             (no amulet)
HPRegen  0.23/turn              r - ring of protection from fire
MPRegen  0.14/turn              t - ring of fire

@: brilliant, heroism
A: permanent stasis, dig shafts and tunnels, four strong arms, antennae 3,
iridescent scales 1, deformed body, fire resistance 1
a: Dig, Shaft Self, Heroism, Finesse, Renounce Religion, Evoke Ratskin


You were on level 10 of the Dungeon.
You worshipped Okawaru.
Okawaru was extremely pleased with you.
You were hungry.

You visited 2 branches of the dungeon, and saw 11 of its levels.

You collected 626 gold pieces.
You spent 248 gold pieces at shops.

Inventory:

Hand Weapons
 a - a +1 trident
 i - a +3 antimagic spear
 w - a +5 spear (weapon)
 C - a +2 scimitar of flaming
Armour
 c - a +0 shield (worn)
 k - a +2 pair of gloves (worn)
 y - a +0 plate armour (worn)
 z - the +2 ratskin cloak (worn) {+Rats rPois rN+ Str-1 Int-1 Dex+1}
   (You found it on level 6 of the Dungeon)

   It affects your strength (-1).
   It affects your intelligence (-1).
   It affects your dexterity (+1).
   It protects you from poison.
   It protects you from negative energy.
Jewellery
 r - a ring of protection from fire (left hand)
 t - a ring of fire (right hand)
Wands
 d - a wand of random effects (34)
 g - a wand of digging (4)
 j - a wand of polymorph (11)
 n - a wand of iceblast (6)
 u - a wand of flame (15)
 A - a wand of paralysis (13)
Scrolls
 q - a scroll of remove curse
 D - a scroll of silence {unknown}
 F - a scroll of identify
Potions
 b - a potion of agility {unknown}
 e - a potion of haste
 h - 2 potions of lignification
 l - 2 potions of flight
 m - a potion of ambrosia
 o - a potion of degeneration
 p - 9 potions of curing
 s - 2 potions of magic
 v - a potion of brilliance
 x - a potion of heal wounds {unknown}
 B - a potion of mutation
 E - a potion of resistance {unknown}
Comestibles
 f - 6 rations


   Skills:
 + Level 6.1(11.1) Fighting
 * Level 14.6(19.6) Polearms
 + Level 6.0(11.0) Armour
 - Level 3.6(8.6) Shields
 + Level 5.3 Invocations


You had 10 spell levels left.
You didn't know any spells.
Your spell library contained the following spells:

 Spells                   Type           Power        Failure   Level  Hunger
 Confusing Touch          Hex            #.....       45%         1    ##.....
 Confuse                  Hex            #.......     78%         3    ####...
 Gell's Gravitas          Tloc           #.........   78%         3    ####...
 Petrify                  Tmut/Erth      #.......     98%         4    #####..
 Metabolic Englaciation   Hex/Ice        #.........   100%        5    ######.
 Yara's Violent Unravell  Hex/Tmut       #.........   100%        5    ######.


Dungeon Overview and Level Annotations

Branches:
Dungeon (10/15)            Temple (1/1) D:5
   Lair: D:8-11         Orc: D:9-12

Altars:
Ashenzari
Cheibriados
Dithmenos
Elyvilon
Fedhas
Gozag
Hepliaklqana
Kikubaaqudgha
Makhleb
Nemelex Xobeh
Okawaru
Qazlal
Ru
Sif Muna
Trog
Uskayaw
Vehumet
Wu Jian
Xom
Yredelemnul
Zin
The Shining One

Shops:
D:6 [   D:8 *

Annotations:
D:4 2 runed translucent doors, Monsterracer's ghost, amateur DDFi
D:10 Fannar


Innate Abilities, Weirdness & Mutations

You cannot be hasted, slowed, berserked, paralysed or teleported.
You can dig through walls and to a lower floor.
Your four strong arms can wield two-handed weapons with a shield.
You have a pair of large antennae on your head. (SInv)
You are partially covered in iridescent scales. (AC +2)
Armour fits poorly on your strangely shaped body.
Your flesh is heat resistant. (rF+)


Message History

Fannar mumbles some strange words.
Fannar drains the heat from the surrounding environment!
You feel a terrible chill!
You feel very cold.
* * * LOW HITPOINT WARNING * * *
Fannar is frozen.
Fannar resists.
You block the ice beast's attack.
It was a potion of degeneration.
There was something very wrong with that liquid.
You feel weakened.
You feel dopey.
You feel clumsy. You block Fannar's attack.
The ice beast hits you but does no damage.
It was a potion of brilliance.
You feel clever all of a sudden. You block Fannar's attack.
You block the ice beast's attack.
It was a potion of mutation.
You feel extremely strange.
Your body twists and deforms.
Iridescent scales grow over part of your body.
You feel resistant to heat.
Fannar points at you and mumbles some strange words.
The bolt of cold hits you!
You feel a terrible chill!
You die...

#........# #.....>..#
#........# #........#
# #........# #
#........# #
#..eY....# #
#.#...@..(.# #
#........$.# ##
###........# #.
######.#### #† #....#
#. #########.##
#####. #.......<..###
#.....
#........)...###.....
#........).#.........


You could see Fannar and an ice beast.

Vanquished Creatures
  Erica (D:9)
  3 two-headed ogres
  Joseph (D:7)
  2 trolls
  A hippogriff (D:9)
  Sigmund (D:5)
  9 yaks (D:9)
  A steam dragon (D:8)
  A black bear (D:9)
  2 orc warriors
  2 ice beasts
  2 sky beasts
  An eye of draining (D:4)
  A necrophage (D:5)
  4 phantoms
  2 ogres
  A centaur (D:8)
  3 bullfrogs
  A scorpion (D:9)
  5 wights (D:8)
  5 crimson imps
  A quasit (D:6)
  5 orc wizards
  2 gnoll shamans
  3 orc priests
  Crazy Yiuf (D:3)
  7 hounds
  A jelly (D:9)
  4 iguanas
  8 worker ants
  A hell rat (D:6)
  2 hound zombies
  A hound skeleton (D:9)
  9 gnolls
  12 adders
  6 river rats (D:6)
  A shadow imp (D:6)
  An adder zombie (D:7)
  An adder skeleton (D:8)
  3 worms
  4 dart slugs (D:1)
  5 leopard geckos
  24 orcs
  4 ball pythons
  9 bats
  4 giant cockroaches
  2 goblins (D:1)
  7 hobgoblins
  7 jackals (D:7)
  5 quokkas
  2 frilled lizards
  6 kobolds
  19 rats
216 creatures vanquished.

Notes
Turn   | Place    | Note
-------+----------+-------------------------------------------
     0 | D:1      | MTVSty1e the Formicid Fighter began the quest for the Orb.
     0 | D:1      | Reached XP level 1. HP: 18/18 MP: 1/1
    95 | D:1      | Reached XP level 2. HP: 22/24 MP: 2/2
   202 | D:1      | Reached skill level 3 in Polearms
   305 | D:1      | Reached XP level 3. HP: 29/29 MP: 3/3
  1202 | D:2      | Found an ancient bone altar of Kikubaaqudgha.
  1213 | D:2      | Reached skill level 4 in Polearms
  1213 | D:2      | Reached XP level 4. HP: 35/35 MP: 4/4
  1809 | D:3      | Found a runed translucent door.
  1810 | D:3      | Noticed Crazy Yiuf
  1823 | D:3      | Killed Crazy Yiuf
  1823 | D:3      | Reached XP level 5. HP: 20/41 MP: 5/5
  2003 | D:3      | You fall into a shaft and drop 2 floors!
  2003 | D:5      | Entered Level 5 of the Dungeon
  2004 | D:5      | Noticed a necrophage
  2008 | D:5      | Killed a necrophage
  2008 | D:5      | Reached skill level 5 in Polearms
  2008 | D:5      | Reached XP level 6. HP: 47/47 MP: 6/6
  2165 | D:5      | Reached skill level 6 in Polearms
  2436 | D:4      | Found a runed translucent door.
  2447 | D:4      | Noticed a phantom
  2459 | D:4      | Killed a phantom
  2459 | D:4      | Reached skill level 7 in Polearms
  2459 | D:4      | Reached XP level 7. HP: 52/52 MP: 7/7
  2507 | D:4      | Found a stormy altar of Qazlal.
  2562 | D:4      | Noticed an air elemental
  2562 | D:4      | Noticed a fire elemental
  2563 | D:4      | Noticed a water elemental
  2756 | D:3      | Reached skill level 8 in Polearms
  3348 | D:4      | Found a shimmering blue altar of Sif Muna.
  3431 | D:4      | Reached XP level 8. HP: 58/58 MP: 8/8
  3829 | D:4      | Found a bloodstained altar of Trog.
  3854 | D:4      | Reached skill level 9 in Polearms
  3997 | D:4      | Found a runed translucent door.
  4001 | D:4      | Noticed Monsterracer's ghost (amateur DDFi)
  4187 | D:5      | Found a staircase to the Ecumenical Temple.
  4206 | Temple   | Entered the Ecumenical Temple
  4382 | Temple   | Became a worshipper of Warmaster Okawaru
  4820 | D:5      | Found a sparkling altar of Nemelex Xobeh.
  4870 | D:5      | Noticed Sigmund
  4880 | D:5      | Killed Sigmund
  4962 | D:5      | Reached skill level 10 in Polearms
  5118 | D:6      | Found Oshraj's Antique Armour Shoppe.
  5398 | D:6      | Found a shimmering altar of Xom.
  5479 | D:6      | Reached XP level 9. HP: 36/64 MP: 3/9
  6182 | D:6      | Reached skill level 11 in Polearms
  6359 | D:6      | Found the +2 ratskin cloak {+Rats rPois rN+ Str-1 Int-1
                  | Dex+1}
  7495 | D:7      | Reached * piety under Okawaru
  7955 | D:7      | Noticed Joseph
  7982 | D:7      | Killed Joseph
  7982 | D:7      | Reached skill level 12 in Polearms
  8551 | D:8      | Noticed a two-headed ogre
  8569 | D:8      | Killed a two-headed ogre
  8569 | D:8      | Reached ** piety under Okawaru
  8569 | D:8      | Reached skill level 13 in Polearms
  8569 | D:8      | Reached XP level 10. HP: 5/70 MP: 1/10
  8949 | D:8      | Reached skill level 1 in Invocations
  9144 | D:8      | Found Vatyryf's Assorted Antiques.
  9187 | D:8      | Bought a golden ring for 160 gold pieces
  9187 | D:8      | Bought a scroll labeled SEUZOUGUOMM for 32 gold pieces
  9187 | D:8      | Bought a lumpy green potion for 28 gold pieces
  9187 | D:8      | Bought a lumpy puce potion for 28 gold pieces
  9365 | D:9      | Noticed a two-headed ogre
  9389 | D:9      | Killed a two-headed ogre
  9389 | D:9      | Reached *** piety under Okawaru
  9989 | D:9      | Reached **** piety under Okawaru
 10000 | D:9      | Reached skill level 14 in Polearms
 10022 | D:9      | Noticed Erica
 10066 | D:9      | Killed Erica
 10066 | D:9      | Reached skill level 5 in Fighting
 10066 | D:9      | Reached skill level 5 in Armour
 10066 | D:9      | Reached XP level 11. HP: 72/79 MP: 12/14
 10397 | D:9      | Reached ***** piety under Okawaru
 10766 | D:9      | Found an opulent altar of Gozag.
 11188 | D:10     | Entered Level 10 of the Dungeon
 11188 | D:10     | Noticed a two-headed ogre
 11208 | D:10     | Killed a two-headed ogre
 11208 | D:10     | Reached skill level 5 in Invocations
 11657 | D:10     | Noticed Fannar
 11684 | D:10     | Gained mutation: Armour fits poorly on your strangely
                  | shaped body. [potion of mutation]
 11684 | D:10     | Gained mutation: You are partially covered in iridescent
                  | scales. (AC +2) [potion of mutation]
 11684 | D:10     | Gained mutation: Your flesh is heat resistant. (rF+)
                  | [potion of mutation]
 11684 | D:10     | Killed from afar by Fannar

Levels and vault maps discovered:
D:1:      tarquinn_simple_flora_water_c, layout_loops_corners, moated_statue
D:2:      layout_basic, kiku_gazebo_garden_becter, minmay_misc_feat_room
D:3:      layout_loops_corners, uniq_crazy_yiuf_cottage
D:4:      layout_loops_corners, trog_eyes_of_draining,
          overflow_temple_1_default, nicolae_qazlal_style_of_elements,
          ebering_ghost_sewer_f
D:5:      layout_gridville, temple_statues, first_ration,
          nemelex_spade_bored_becter, uniq_sigmund
D:6:      wander_guarded_unrand_ratskin, layout_layer_cave,
          lemuel_coloured_pillars_altar, serial_shops, nicolae_shop_stone
D:7:      layout_basic, uniq_joseph
D:8:      layout_rooms, serial_shops, shop, solitary_fountain
D:9:      layout_cave_pods, overflow_temple_1_default, uniq_erica
D:10:     layout_roguey, uniq_fannar
Temple:   nicolae_temple_elliptical

Skill      XL: |  1  2  3  4  5  6  7  8  9 10 11 |
---------------+----------------------------------+-----
Polearms       | 3 4 5 7 8 10 13 14 | 14.6
Invocations    | 4 5 |  5.3
Fighting       | 5 6 |  6.1
Armour         | 5 6 |  6.0
Shields        | |  3.6

Action                   |  1- 3 |  4- 6 |  7- 9 | 10-12 || total
-------------------------+-------+-------+-------+-------++-------
Melee: Trident           |    91 |   110 |   190 |       ||   391
       Spear             |       |       |   411 |   439 ||   850
Invok: Heroism           |       |       |     1 |     3 ||     4
 Abil: Dig               |       |       |       |     3 ||     3
       Evoke Ratskin     |       |       |       |     1 ||     1
  Use: Scroll            |       |       |    15 |     3 ||    18
       Potion            |       |       |     1 |     4 ||     5
  Eat: Chunk             |     1 |     2 |     5 |     3 ||    11
       Ration            |       |     1 |     4 |     2 ||     7
Armor: Scale mail        |    23 |    38 |    34 |       ||    95
       Plate armour      |       |       |   149 |    99 ||   248
Dodge: Dodged            |    17 |    20 |    62 |    33 ||   132
Block: Shield            |    35 |    42 |   163 |    94 ||   334
